 Dungeon Crawl Stone Soup version 0.31-a0-188-g5e087ee2ca (webtiles) character file.

Game seed: 5495147113007247331

122 qw the Skirmisher (level 4, 0/25 HPs)
             Began as a Deep Elf Hunter on June 23, 2023.
             Succumbed to an adder's poison
             ... on level 3 of the Dungeon.
             The game lasted 00:00:36 (1825 turns).

qw the Skirmisher (Deep Elf Hunter)                 Turns: 1825, Time: 00:00:37

Health: 0/25       AC:  5    Str:  9    XL:     4   Next: 78%
Magic:  6/6        EV: 10    Int: 18    God:
Gold:   100        SH:  0    Dex: 17    Spells: 3/3 levels left

rFire   . . .        Y - +0 shortbow (elec)
rCold   . . .        (shield currently unavailable)
rNeg    . . .        h - +0 ring mail
rPois   .            (no helmet)
rElec   .            (no cloak)
rCorr   .            (no gloves)
SInv    .            (no boots)
Will    +....        (no amulet)
Stlth   +            k - ring of willpower
HPRegen 0.24/turn    (no ring)
MPRegen 0.10/turn

%: no passive effects
@: lethally poisoned (0 -> -2)
A: clever 1, MP-powered wands, devolution 1
a: no special abilities


You were on level 3 of the Dungeon.
You visited 1 branch of the dungeon, and saw 3 of its levels.

You collected 100 gold pieces.


Innate Abilities, Weirdness & Mutations

Your mind is acute. (Int +4, Str/Dex -1)
You expend magic power (3 MP) to strengthen your wands.
You have hidden genetic defects.


   Skills:
 - Level 1.5 Fighting
 + Level 8.2 Ranged Weapons
 - Level 2.4 Dodging
 - Level 1.2 Stealth


You had 3 spell levels left.
You didn't know any spells.
Your spell library was empty.

Inventory:

Hand Weapons
 Y - a +0 shortbow of electrocution (weapon)
Armour
 h - a +0 ring mail (worn)
Jewellery
 k - a ring of willpower (left hand)
Potions
 d - a potion of haste {unknown}
 e - a potion of enlightenment {unknown}
 f - a potion of cancellation {unknown}
 g - a potion of brilliance {unknown}
 i - a potion of mutation

Dungeon Overview and Level Annotations

Branches:
Dungeon (3/15)

Altars:


Message History

The adder bites you but does no damage.
You shoot an arrow. The arrow misses the adder.
The adder bites you. The adder bites you but does no damage.
You shoot an arrow. The arrow misses the adder.
The adder bites you.
You are poisoned.
The adder poisons you!
You shoot an arrow. The arrow closely misses the adder.
You feel sick. The adder completely misses you.
The adder bites you but does no damage.
You shoot an arrow. The arrow closely misses the adder.
You feel sick. The adder bites you but does no damage.
You shoot an arrow.
The arrow hits the adder but does no damage.
You feel sick. The adder bites you but does no damage. The adder bites you.
You are more poisoned.
The adder poisons you!
You shoot an arrow. The arrow barely misses the adder.
You feel sick. The adder bites you but does no damage.
You shoot an arrow. The arrow barely misses the adder.
You feel sick. The adder bites you.
You are more poisoned.
The adder poisons you! The adder bites you.
You shoot an arrow. The arrow barely misses the adder.
You feel sick. The adder bites you.
You shoot an arrow.
The arrow hits the adder but does no damage.
Lightning courses through the adder!
The adder is almost dead.
You feel sick. The adder barely misses you.
The adder bites you but does no damage.
You shoot an arrow.
The arrow hits the adder but does no damage.
The adder is almost dead.
You feel sick. The adder bites you but does no damage.
You shoot an arrow. The arrow hits the adder.
You kill the adder!
You feel sick.
There is a lethal amount of poison in your body!
You die...

##.###..# #####.#
##%## ......###...#
.#####.....%#.#
...........##.#
######.##....# .
#.####..#
....####%####..#####
......%@....#......#
............##.....#
####........##.....#
...........##.....#
###........########
#........#
#........#
##########


There were no monsters in sight!

Vanquished Creatures
  4 adders
  4 gnolls (D:2)
  A dart slug (D:2)
  2 giant cockroaches (D:1)
  8 hobgoblins
  2 jackals (D:1)
  2 quokkas (D:2)
  5 ball pythons
  3 bats
  7 goblins
  3 kobolds
  6 rats
47 creatures vanquished.

Notes
Turn   | Place    | Note
-------+----------+-------------------------------------------
     0 | D:1      | qw the Deep Elf Hunter began the quest for the Orb.
     0 | D:1      | Reached XP level 1. HP: 12/12 MP: 3/3
     0 | D:1      | 0 ||| qw: Version: 0.3-a-9-g12657ce
     0 | D:1      | 0 ||| qw: Game counter: 4192
     0 | D:1      | 0 ||| qw: Always use a shield: true
     0 | D:1      | 0 ||| qw: God list: Okawaru
     0 | D:1      | 0 ||| qw: Allow faded altars: false
     0 | D:1      | 0 ||| qw: Do Orc after D:15 true
     0 | D:1      | 0 ||| qw: Do second Lair branch before Depths: true
     0 | D:1      | 0 ||| qw: Lair rune preference: random
     0 | D:1      | 0 ||| qw: Plans: Normal
     0 | D:1      | 0 ||| PLANNING D:1-11
   174 | D:1      | Reached XP level 2. HP: 15/16 MP: 4/4
   178 | D:1      | Reached skill level 6 in Ranged Weapons
   759 | D:1      | 759 ||| UPGRADING to +0 ring mail.
   769 | D:1      | 769 ||| DROPPING +0 leather armour.
   770 | D:1      | 770 ||| DROPPING scroll of butterflies.
   822 | D:2      | Reached XP level 3. HP: 16/20 MP: 5/5
   854 | D:2      | Found a faded altar of an unknown god.
   957 | D:2      | Reached skill level 7 in Ranged Weapons
  1144 | D:2      | Reached XP level 4. HP: 18/25 MP: 6/6
  1720 | D:2      | 1720 ||| DROPPING ring of wizardry.
  1721 | D:2      | 1721 ||| UPGRADING to ring of willpower.
  1722 | D:2      | 1722 ||| READING scroll labelled CUFIOH RIMOG.
  1723 | D:2      | 1723 ||| READING scroll labelled QAKIUT FIOLOQ.
  1724 | D:2      | 1724 ||| DRINKING 2 metallic purple potions.
  1724 | D:2      | Gained mutation: Your mind is acute. (Int +4, Str/Dex -1)
                  | [potion of mutation]
  1724 | D:2      | Gained mutation: You expend magic power (3 MP) to
                  | strengthen your wands. [potion of mutation]
  1724 | D:2      | Gained mutation: You have hidden genetic defects. [potion
                  | of mutation]
  1812 | D:3      | Reached skill level 8 in Ranged Weapons
  1821 | D:3      | HP: 4/25 [adder (3)]
  1824 | D:3      | HP: 1/25 [poisoned by an adder]
  1825 | D:3      | Succumbed to an adder's poison

Levels and vault maps discovered:
D:1:      nzn_arrival_settlement, layout_loops_cross, minmay_unequal
D:2:      layout_basic, serial_corexii_hall, chequers_hall_statues_y,
          corexii_hall_statues_x, chequers_ecumenical_altar_simple_redux
D:3:      layout_rooms, minmay_misc_feat_secret_circle, kennysheep_path_1,
          dreamdust_mushroom_princess, st_stairs_6, grunt_decor_cap

Skill      XL: |  1  2  3  4 |
---------------+-------------+-----
Ranged Weapons | 6 7 8 |  8.2
Fighting       | |  1.5
Dodging        | |  2.4
Stealth        | |  1.2

Action                     |  1- 3 |  4- 6 || total
---------------------------+-------+-------++-------
   Fire: Shortbow          |   101 |    38 ||   139
    Use: Scroll            |       |     2 ||     2
         Potion            |       |     1 ||     1
 Armour: Leather armour    |     3 |       ||     3
         Ring mail         |     9 |    16 ||    25
  Dodge: Dodged            |    16 |     7 ||    23

Table legend:
 A = Non-vault XP
 B = Vault XP
 C = Vault XP percentage of total XP
 D = Non-vault monster count
 E = Vault monster count
 F = Vault count percentage of total count
                 A         B        C        D         E       F
            +---------+---------+-------+---------+---------+-------
      Total |     171 |       4 |   2.3 |      44 |       3 |   6.4
            +---------+---------+-------+---------+---------+-------
        D:1 |      36 |       4 |  10.0 |      22 |       3 |  12.0
        D:2 |     103 |       0 |   0.0 |      17 |       0 |   0.0
        D:3 |      32 |       0 |   0.0 |       5 |       0 |   0.0
            +---------+---------+-------+---------+---------+-------
